 Dungeon Crawl Stone Soup version 0.19-a0-1185-gacb3972 (webtiles) character file.

64 PurpleRed the Conjurer (level 3, 0/19 HPs)
             Began as a Deep Elf Conjurer on Aug 18, 2016.
             Slain by an adder (1 damage)
             ... on level 2 of the Dungeon.
             The game lasted 00:04:16 (1041 turns).

PurpleRed the Conjurer (Deep Elf Conjurer)          Turns: 1041, Time: 00:04:17

Health: 0/19       AC:  2    Str:  5    XL:     3   Next: 91%
Magic:  3/10       EV: 13    Int: 20    God:
Gold:   53         SH:  0    Dex: 15    Spells: 2 memorised, 7 levels left

rFire  . . .     SeeInvis .     k - +1 hand axe
rCold  . . .     Gourm    .     a - +0 robe
rNeg   . . .     Faith    .     (no shield)
rPois  .         Spirit   .     (no helmet)
rElec  .         Dismiss  .     (no cloak)
rCorr  .         Reflect  .     (no gloves)
MR     .....     Harm     .     (no boots)
Stlth  ++........               (no amulet)
                                (no ring)
                                (no ring)

@: lethally poisoned (0 -> -6)
A: no striking features
a: no special abilities


You were on level 2 of the Dungeon.
You were not hungry.

You visited 1 branch of the dungeon, and saw 2 of its levels.

You collected 53 gold pieces.

Inventory:

Hand Weapons
 k - a +1 hand axe (weapon)
Armour
 a - a +0 robe (worn)
Books
 b - a book of Conjurations

   Spells                             Type                      Level
   a - Magic Dart                     Conjuration                  1
   b - Searing Ray                    Conjuration                  2
   c - Dazzling Spray                 Conjuration/Hexes            3
   d - Fulminant Prism                Conjuration/Hexes            4
   e - Iskenderun's Mystic Blast      Conjuration                  4
   f - Iskenderun's Battlesphere      Conjuration/Charms           5
Comestibles
 c - 2 bread rations
 g - a meat ration
 h - a royal jelly
 i - a slice of pizza


   Skills:
 - Level 2.4 Dodging
 - Level 2.4 Stealth
 + Level 4.2 Spellcasting
 * Level 5.5 Conjurations


You had 7 spell levels left.
You knew the following spells:

 Your Spells              Type           Power        Failure   Level  Hunger
a - Magic Dart            Conj           ####         1%          1    None
b - Searing Ray           Conj           ####..       1%          2    #......


Dungeon Overview and Level Annotations

Branches:
Dungeon (2/15)

Altars:

Annotations:
D:2 Robin


Message History

* * * LOW HITPOINT WARNING * * *
The goblin hits you with an uncursed dagger.
* * * LOW HITPOINT WARNING * * *
The adder bites you but does no damage. The goblin barely misses you.
Unknown command.
Unknown command.
Number of times to repeat, then command key: You must enter the number of times for the command to repeat.
Unknown command.
The bat closely misses you. The goblin hits you but does no damage.
Robin throws the goblin at you!
Found a bread ration.
You hit the goblin.
You kill the goblin!
You closely miss the goblin. You closely miss the adder.
You hit the goblin but do no damage. You hit the goblin.
You kill the goblin!
* * * LOW HITPOINT WARNING * * *
You feel sick. The bat misses you. The adder bites you.
You die...

#.#.####......#
..#.(.........#
#..<..........#######
)......<...r.(.......
†.#...........#########
.<..#.#.......K.w......
!g..#.#......g..h####
#.gh......#####gSg.#
.......##.#....)@#.#
...l.............b.....#
.............#...#?##..#
........h.####.$.#.# .#
......... ....# . .
.##..# #. .. #... .. ..
#... .%


You could see a worm, Robin, an adder, a jackal, 2 goblins, a bat, a kobold and
a rat.

Vanquished Creatures
  3 oozes (D:1)
  A dart slug (D:1)
  A giant gecko (D:2)
  2 bats (D:1)
  7 goblins (D:2)
  8 hobgoblins
  9 jackals
  A ball python (D:1)
  2 giant newts
  3 kobolds
  3 rats (D:1)
40 creatures vanquished.

Notes
Turn   | Place    | Note
-------+----------+-------------------------------------------
     0 | D:1      | PurpleRed the Deep Elf Conjurer began the quest for the Orb.
     0 | D:1      | Reached XP level 1. HP: 10/10 MP: 6/6
   249 | D:1      | Reached XP level 2. HP: 15/15 MP: 6/8
   253 | D:1      | Learned a level 2 spell: Searing Ray
   613 | D:1      | Reached skill level 5 in Conjurations
   693 | D:1      | Reached XP level 3. HP: 6/19 MP: 0/10
   998 | D:2      | Noticed Robin
  1041 | D:2      | Slain by an adder

Vault maps used:
D:1:      lightli_arrival_farm
D:2:      nemelex_altar_shiori, first_bread, uniq_natasha, uniq_robin

Skill      XL: |  1  2 |
---------------+-------+-----
Conjurations   | 5 |  5.5
Spellcasting   | 4 |  4.2
Dodging        | |  2.4
Stealth        | |  2.4

Action                   || total
-------------------------++-------
Melee: Club              ||     1
       Hand axe          ||    10
 Cast: Magic Dart        ||    67
       Searing Ray       ||     3
  Use: Scroll            ||     3
       Potion            ||     2
Armor: Robe              ||    11
Dodge: Dodged            ||    58
